 Dungeon Crawl Stone Soup version 0.24-a0-170-gd8427f5 (webtiles) character file.

Game seed: 3799749641983078185

68 Gunnerkreig the Magician (level 4, -18/33 HPs)
             Began as a Draconian Wizard on Mar 11, 2019.
             Demolished by an orc
             ... wielding a +4 whip of electrocution
              (19 damage)
             ... on level 4 of the Dungeon.
             The game lasted 00:05:29 (1784 turns).

Gunnerkreig the Magician (Draconian Wizard)         Turns: 1784, Time: 00:05:30

Health: -18/33     AC:  5    Str:  9    XL:     4   Next: 1%
Magic:  0/9        EV: 12    Int: 20    God:
Gold:   37         SH:  0    Dex:  9    Spells: 9/10 levels left

rFire    . . .     SeeInvis .   j - +3 short sword
rCold    . . .     Gourm    .   (no shield)
rNeg     + . .     Faith    .   (armour unavailable)
rPois    .         Spirit   .   a - +0 hat
rElec    .         Reflect  .   (no cloak)
rCorr    .         Harm     .   (no gloves)
MR       .....                  (no boots)
Stlth    ++........             (no amulet)
HPRegen  0.11/turn              g - +1 ring of slaying
MPRegen  0.11/turn              m - ring of positive energy

@: no status effects
A: unfitting armour, cold-blooded, AC +5
a: no special abilities


You were on level 4 of the Dungeon.
You were hungry.

You visited 1 branch of the dungeon, and saw 3 of its levels.

You collected 37 gold pieces.

Inventory:

Hand Weapons
 j - a +3 short sword (weapon)
Missiles
 d - 87 stones (quivered)
 o - 7 curare-tipped needles
Armour
 a - a +0 hat (worn)
Jewellery
 g - a +1 ring of slaying (left hand)
 m - a ring of positive energy (right hand)
Wands
 k - a wand of random effects (16)
Scrolls
 e - a scroll of enchant armour {unknown}
 f - a scroll of immolation {unknown}
 h - 2 scrolls of identify {unknown}
 i - a scroll of noise {unknown}
 l - 2 scrolls of remove curse {unknown}
 p - 2 scrolls of blinking {unknown}
 r - a scroll of amnesia {unknown}
Potions
 b - 2 potions of lignification {unknown}
 n - 2 potions of curing {unknown}
 q - a potion of ambrosia {unknown}
Comestibles
 c - 2 rations


   Skills:
 - Level 1.7 Dodging
 - Level 1.7 Stealth
 + Level 3.5 Spellcasting
 * Level 3.2 Conjurations
   Level 1.0 Summonings
   Level 1.0 Translocations


You had 9 spell levels left.
You knew the following spells:

 Your Spells              Type           Power        Failure   Level  Hunger
a - Magic Dart            Conj           ###.         3%          1    None

Your spell library contained the following spells:

 Spells                   Type           Power        Failure   Level  Hunger
 Blink                    Tloc           N/A          14%         2    ##.....
 Call Imp                 Summ           #.......     14%         2    ##.....
 Slow                     Hex            #.......     21%         2    ##.....
 Conjure Flame            Conj/Fire      ##......     21%         3    ###....
 Mephitic Cloud           Conj/Pois/Air  #.......     26%         3    ###....


Dungeon Overview and Level Annotations

Branches:
Dungeon (4/15)
 Temple: D:4-7

Altars:

Annotations:
D:1 ring with monsters trap
D:4 Sigmund


Innate Abilities, Weirdness & Mutations

Your plain brown scales are hard. (AC +5)
You cannot fit into any form of body armour.
You are cold-blooded and may be slowed by cold attacks.


Message History

You are electrocuted!!
Ouch! That really hurt!
* * * LOW HITPOINT WARNING * * *
The orc closely misses you.
You hit the orc but do no damage.
The orc is almost dead.
The orc hits you with a +4 whip of electrocution.
* * * LOW HITPOINT WARNING * * *
Casting: Magic Dart (safe; 3% risk of failure)
Confirm with . or Enter, or press ? or * to list all spells.
Aiming: Magic Dart (safe; 3% risk of failure)
Press: ? - help, Shift-Dir - straight line, f/p - orc
Aim: an orc, wielding a +4 whip of electrocution and wearing a +0 chain mail (almost dead)
The magic dart hits the orc but does no damage.
The orc is almost dead.
The orc hits you with a +4 whip of electrocution.
* * * LOW HITPOINT WARNING * * *
You are electrocuted!!
Ouch! That really hurt!
You die...

...#..........#..#.#
#..#....#........#.#
...:........#.#..#.#
...................#
..............#..###
##......#.....#..#
................#####
........)...#
.....)o@#####
....)...# .........
....#####. .... .#
... # .


You could see an orc.

Vanquished Creatures
  An adder (D:2)
  An adder skeleton (D:4)
  A worm (D:2)
  3 dart slugs (D:1)
  A leopard gecko (D:1)
  5 orcs (D:4)
  A ball python (D:2)
  A giant cockroach (D:2)
  A hobgoblin (D:2)
  A jackal (D:2)
  5 kobolds
  6 bats
  3 frilled lizards
  6 goblins
  8 rats
44 creatures vanquished.

Notes
Turn   | Place    | Note
-------+----------+-------------------------------------------
     0 | D:1      | Gunnerkreig the Draconian Wizard began the quest for the
                  | Orb.
     0 | D:1      | Reached XP level 1. HP: 14/14 MP: 4/4
   434 | D:1      | Reached XP level 2. HP: 20/20 MP: 4/6
  1334 | D:2      | Reached XP level 3. HP: 25/26 MP: 2/7
  1626 | D:2      | You fall through a shaft for 2 floors!
  1648 | D:4      | Noticed Sigmund
  1773 | D:4      | Reached XP level 4. HP: 33/33 MP: 1/9
  1784 | D:4      | HP: 1/33 [orc/+4 whip of electrocution (2)]
  1784 | D:4      | Demolished by an orc

Levels and vault maps discovered:
D:1:      minmay_arrival_stair_chambers, layout_loops_corners,
          minmay_statues_item, minmay_misc_feat_five
D:2:      kennysheep_six_static_rooms, layout_basic, first_ration
D:4:      layout_basic, amethyst_overflow_temple_binary,
          minmay_temple_entry_trees, uniq_sigmund, uniq_robin, uniq_ijyb

Skill      XL: |  1  2  3 |
---------------+----------+-----
Conjurations   | 2 3 |  3.2
Dodging        | |  1.7
Stealth        | |  1.7
Spellcasting   | |  3.5
Summonings     | |  1.0
Translocations | |  1.0

Action                   |  1- 3 |  4- 6 || total
-------------------------+-------+-------++-------
Melee: Unarmed           |    25 |       ||    25
       Tailslap          |     3 |       ||     3
       Short sword       |    20 |     4 ||    24
 Cast: Magic Dart        |    88 |     3 ||    91
  Eat: Chunk             |     2 |       ||     2
Armor: Skin              |     8 |       ||     8
Dodge: Dodged            |    44 |     2 ||    46

Table legend:
 A = Non-vault XP
 B = Vault XP
 C = Vault XP percentage of total XP
 D = Non-vault monster count
 E = Vault monster count
 F = Vault count percentage of total count
                 A         B        C        D         E       F
            +---------+---------+-------+---------+---------+-------
      Total |      77 |      21 |  21.4 |      38 |       6 |  13.6
            +---------+---------+-------+---------+---------+-------
        D:1 |      39 |       0 |   0.0 |      21 |       0 |   0.0
        D:2 |      17 |      21 |  55.3 |      10 |       6 |  37.5
        D:4 |      21 |       0 |   0.0 |       7 |       0 |   0.0
            +---------+---------+-------+---------+---------+-------
